 Dungeon Crawl Stone Soup version 0.21.1-1-g345015f (webtiles) character file.

5955 shakethe the Thrower (level 11, -5/84 HPs)
             Began as a Human Berserker on Feb 5, 2018.
             Was a High Priest of Trog.
             Slain by a vampire (7 damage)
             ... on level 9 of the Dungeon.
             The game lasted 00:41:16 (10356 turns).

shakethe the Thrower (Human Berserker)             Turns: 10356, Time: 00:41:17

Health: -5/84      AC: 19    Str: 19    XL:     11   Next: 9%
Magic:  11/11      EV:  4    Int:  4    God:    Trog [*****.]
Gold:   409        SH: 11    Dex: 15    Spells: 10/10 levels left

rFire    + . .     SeeInvis .   s - +8 short sword of Sunlight {flame, +Fly rC- Int-3 Stlth+}
rCold    x . .     Gourm    .   y - +1 shield
rNeg     . . .     Faith    .   n - +0 plate armour
rPois    +         Spirit   .   a - +2 hat
rElec    .         Reflect  .   (no cloak)
rCorr    .         Harm     .   C - +0 pair of gloves
MR       ++...                  (no boots)
Stlth    ..........             (no amulet)
HPRegen  1.24/turn              u - ring of Suspected Treachery {+Fly rPois rF+ Slay+2}
MPRegen  0.12/turn              L - +4 ring of protection

@: about to teleport, berserk cooldown, very slightly contaminated,
regenerating, slowed, very slow
A: no striking features
a: Berserk, Trog's Hand, Brothers in Arms, Burn Spellbooks, Renounce Religion,
Evoke Flight


You were on level 9 of the Dungeon.
You worshipped Trog.
Trog was extremely pleased with you.
You were very hungry.

You visited 2 branches of the dungeon, and saw 11 of its levels.

You collected 499 gold pieces.
You spent 90 gold pieces at shops.

Inventory:

Hand Weapons
 s - the +8 short sword of Sunlight (weapon) {flame, +Fly rC- Int-3 Stlth+}
   (You found it on level 4 of the Dungeon)

   It has been specially enchanted to burn those struck by it, causing extra
   injury to most foes and up to half again as much damage against particularly
   susceptible opponents.
   It affects your intelligence (-3).
   It makes you vulnerable to cold.
   It lets you fly.
   It makes you more stealthy.
Missiles
 i - 3 tomahawks of returning (quivered)
 p - 4 tomahawks
 D - 3 javelins
Armour
 a - a +2 hat (worn)
 n - a +0 plate armour (worn)
 y - a +1 shield (worn)
 C - a +0 pair of gloves (worn)
Jewellery
 u - the ring of Suspected Treachery (left hand) {+Fly rPois rF+ Slay+2}
   (You found it on level 4 of the Dungeon)

   [ring of flight]

   It affects your accuracy and damage with ranged weapons and melee attacks
   (+2).
   It protects you from fire.
   It protects you from poison.
   It lets you fly.
 G - an uncursed ring of protection from magic
 K - an uncursed ring of positive energy
 L - a +4 ring of protection (right hand)
Wands
 f - a wand of random effects (28)
 j - a wand of iceblast (9)
 E - a wand of disintegration (12)
 H - a wand of enslavement (20)
Scrolls
 g - a scroll of magic mapping {unknown}
 h - 3 scrolls of teleportation
 l - a scroll of enchant weapon
 r - 4 scrolls of remove curse
 w - a scroll of summoning {unknown}
Potions
 b - 4 potions of curing
 d - 2 potions of lignification
 e - a potion of heal wounds {unknown}
 m - 3 potions of haste
 o - a potion of degeneration {unknown}
 q - a potion of invisibility {unknown}
 t - 2 potions of agility
 v - a potion of brilliance {unknown}
 A - 2 potions of resistance
 B - a potion of flight {unknown}
 F - a potion of berserk rage {unknown}
 M - a potion of cancellation
Books
 z - a book of Minor Magic

   Spells                             Type                      Level
   a - Magic Dart                     Conjuration                  1
   b - Blink                          Translocation                2
   c - Call Imp                       Summoning                    2
   d - Slow                           Hexes                        2
   e - Conjure Flame                  Conjuration/Fire             3
   f - Mephitic Cloud                 Conjuration/Poison/Air       3
   Trog disapproves of the use of such an item.
Comestibles
 c - 12 rations


   Skills:
 - Level 7.5 Fighting
   Level 6.9 Axes
 + Level 11.1 Throwing
 + Level 4.8 Armour
 - Level 2.0 Dodging
 + Level 4.3 Shields


You had 10 spell levels left.
You didn't know any spells.

Dungeon Overview and Level Annotations

Branches:
Dungeon (10/15)            Temple (1/1) D:7             Orc (0/2) D:9
   Lair: D:8-11

Altars:
Cheibriados
Makhleb
Nemelex Xobeh
Okawaru
Qazlal
Sif Muna
Uskayaw
Xom
Zin
The Shining One


Message History

You block the orc warrior's attack. Something hits you.
* * * LOW HITPOINT WARNING * * *
Something bites you.
* * * LOW HITPOINT WARNING * * *
Something draws strength from your injuries!
Okay, then.
As you read the scroll of teleportation, it crumbles to dust.
You feel strangely unstable. You block the orc warrior's attack.
You hear some strange, mumbled words.
Something tries to affect you, but you resist.
Your skin crawls.
You feel resistant to hostile enchantments.
You feel somewhat more hungry. Something hits you but does no damage.
Something bites you!
* * * LOW HITPOINT WARNING * * *
Something draws strength from your injuries!
You block the orc warrior's attack. Something hits you.
* * * LOW HITPOINT WARNING * * *
Something bites you!
You die...

.......#######.....######..###.##
###....##...#8.....8#......# #.#
.#.....##.####.....##.####.###'##
.#.....##.####8...8##.##.........
.#.)........##.....##.##.##..##.#
.#.)#########8.....8#............
.#..### #.....###...########
.#....# #8..o8# #...##......
.#..### ##@## ########.....
.#..#################......#..))#
...........................'..)>#
.#.##.###############......#.)).#
.#.##.#.....# #......#....#
.#.##.#.....# #......#....#
.#.##.#.....# ########....#
...##.+.....# #....#
...##.#.....# ######


You could see an orc warrior.

Vanquished Creatures
  The ghost of othur the Nimble, a novice MiFi of Yredelemnul (D:8)
  An ugly thing (D:7)
  A gargoyle (D:10)
  A troll (D:9)
  A hippogriff (D:7)
  A steam dragon (D:8)
  A hungry ghost (D:9)
  3 orc warriors
  A sky beast (D:6)
  An ice beast (D:9)
  3 phantoms
  4 ogres
  5 centaurs
  A crocodile (D:9)
  2 big kobolds
  Blork the orc (D:6)
  3 bullfrogs
  A gnoll sergeant (D:9)
  4 scorpions
  A troll zombie (D:9)
  8 wights
  3 howler monkeys
  4 crimson imps
  A bullfrog zombie (D:5)
  A quasit (D:5)
  A jelly (D:8)
  3 hounds
  5 orc wizards
  3 orc priests
  A gnoll shaman (D:4)
  A bullfrog skeleton (D:4)
  2 centaur skeletons
  5 iguanas
  3 worker ants
  5 ogre zombies (D:9)
  A hound zombie (D:3)
  2 hound skeletons
  A worker ant zombie (D:9)
  A howler monkey skeleton (D:7)
  11 adders
  11 gnolls
  2 shadow imps
  3 adder zombies
  4 adder skeletons
  A worm (D:4)
  A dart slug (D:1)
  5 leopard geckos
  30 orcs
  A bat skeleton (D:2)
  7 giant cockroaches
  5 goblins
  6 hobgoblins
  2 jackals (D:3)
  3 quokkas
  2 ball pythons
  4 bats
  4 frilled lizards
  A goblin skeleton (D:9)
  2 goblin zombies (D:9)
  A hobgoblin skeleton (D:9)
  4 hobgoblin zombies (D:9)
  15 kobolds
  A kobold skeleton (D:9)
  A kobold zombie (D:9)
  2 leopard gecko skeletons
  2 leopard gecko zombies (D:2)
  7 orc skeletons (D:9)
  12 orc zombies (D:9)
  A quokka skeleton (D:6)
  5 rats
244 creatures vanquished.

Vanquished Creatures (others)
  A plant (D:5)
1 creature vanquished.

Grand Total: 245 creatures vanquished

Notes
Turn   | Place    | Note
-------+----------+-------------------------------------------
     0 | D:1      | shakethe the Human Berserker began the quest for the Orb.
     0 | D:1      | Reached XP level 1. HP: 18/18 MP: 1/1
   540 | D:1      | Reached skill level 1 in Throwing
   540 | D:1      | Reached XP level 2. HP: 19/24 MP: 2/2
  1149 | D:2      | Reached XP level 3. HP: 28/29 MP: 3/3
  1277 | D:2      | Found a burning altar of Makhleb.
  1528 | D:3      | Reached skill level 2 in Throwing
  1528 | D:3      | Reached XP level 4. HP: 35/35 MP: 4/4
  1529 | D:3      | Reached ** piety under Trog
  2454 | D:4      | Reached skill level 3 in Throwing
  2454 | D:4      | Reached XP level 5. HP: 41/41 MP: 5/5
  2579 | D:4      | Reached skill level 5 in Axes
  2579 | D:4      | Reached XP level 6. HP: 39/47 MP: 6/6
  2612 | D:4      | Got a bloodstained short sword
  2615 | D:4      | Identified the +8 short sword of Sunlight {flame, +Fly rC- Int-3 Stlth+} (You found it on level 4 of the Dungeon)
  2685 | D:4      | Reached skill level 4 in Throwing
  3067 | D:4      | Noticed an ogre
  3074 | D:4      | Killed an ogre
  3074 | D:4      | Reached XP level 7. HP: 52/52 MP: 7/7
  3209 | D:4      | Got a slimy ivory ring
  3410 | D:4      | Reached *** piety under Trog
  3425 | D:5      | Entered Level 5 of the Dungeon
  3438 | D:5      | Reached skill level 5 in Throwing
  3474 | D:5      | Found a stormy altar of Qazlal.
  3613 | D:5      | Reached XP level 8. HP: 58/58 MP: 8/8
  3688 | D:5      | Found a hide-covered altar of Uskayaw.
  3785 | D:5      | Reached skill level 6 in Throwing
  4088 | D:5      | Identified the ring of Suspected Treachery {+Fly rPois rF+ Slay+2} (You found it on level 4 of the Dungeon)
  4107 | D:6      | Found a sparkling altar of Nemelex Xobeh.
  4345 | D:6      | Found Zin's Purification Station.
  4351 | D:6      | Found a glowing silver altar of Zin.
  4357 | D:6      | Bought a potion of curing for 90 gold pieces
  4429 | D:6      | Reached skill level 7 in Throwing
  4768 | D:6      | Reached skill level 8 in Throwing
  5338 | D:6      | Noticed Blork the orc
  5344 | D:6      | Killed Blork the orc
  5344 | D:6      | Reached XP level 9. HP: 61/63 MP: 9/9
  5545 | D:7      | Noticed a white ugly thing
  5554 | D:7      | HP: 2/94 [white ugly thing (49)]
  5556 | D:7      | Killed a white ugly thing
  5556 | D:7      | Reached skill level 9 in Throwing
  5793 | D:7      | Found a staircase to the Ecumenical Temple.
  5807 | Temple   | Entered the Ecumenical Temple
  5822 | D:7      | Noticed a hippogriff
  5831 | D:7      | Killed a hippogriff
  5913 | D:7      | Reached skill level 5 in Fighting
  6079 | D:7      | Reached **** piety under Trog
  7210 | D:8      | Reached skill level 10 in Throwing
  7210 | D:8      | Reached XP level 10. HP: 71/76 MP: 10/10
  7710 | D:8      | Noticed othur's ghost (novice MiFi)
  7728 | D:8      | Killed othur's ghost
  8025 | D:8      | Found an iron altar of Okawaru.
  8187 | D:9      | Reached skill level 1 in Shields
  8196 | D:9      | Found a staircase to the Orcish Mines.
  8564 | D:9      | Reached ***** piety under Trog
  8960 | D:9      | Found a deep blue altar of Sif Muna.
  9064 | D:9      | Found a glowing golden altar of the Shining One.
  9232 | D:9      | Found a snail-covered altar of Cheibriados.
  9264 | D:9      | Found a shimmering altar of Xom.
  9789 | D:10     | Entered Level 10 of the Dungeon
  9802 | D:9      | Received a gift from Trog
  9980 | D:9      | Reached skill level 11 in Throwing
 10297 | D:10     | Reached XP level 11. HP: 84/84 MP: 11/11
 10356 | D:9      | HP: 4/84 [something (8)]
 10356 | D:9      | Slain by a vampire

Skill      XL: |  1  2  3  4  5  6  7  8  9 10 11 |
---------------+----------------------------------+-----
Throwing       | 1 2 3 4 5 8 10 11 | 11.1
Axes           | 4 5 6 |  6.9
Fighting       | 6 7 |  7.5
Shields        | 3 4 |  4.3
Armour         | 4 |  4.8
Dodging        | |  2.0

Action                   |  1- 3 |  4- 6 |  7- 9 | 10-12 || total
-------------------------+-------+-------+-------+-------++-------
Melee: Hand axe          |   121 |   112 |       |       ||   233
       Short sword       |       |    39 |   207 |   278 ||   524
Throw: Tomahawk          |       |       |     2 |    32 ||    34
       Javelin           |       |       |       |     3 ||     3
Invok: Berserk           |     1 |     3 |     7 |     7 ||    18
       Trog's Hand       |       |       |     2 |     3 ||     5
  Use: Scroll            |       |     1 |       |    18 ||    19
       Potion            |       |       |       |     1 ||     1
  Eat: Chunk             |     2 |     8 |    11 |     6 ||    27
       Ration            |       |       |     3 |     4 ||     7
Armor: Ring mail         |    27 |       |       |       ||    27
       Animal skin       |     1 |       |       |       ||     1
       Plate armour      |    47 |   107 |   158 |   232 ||   544
Dodge: Dodged            |    66 |    40 |    88 |    99 ||   293
Block: Shield            |       |       |       |   105 ||   105
